 Dungeon Crawl Stone Soup version 0.29-a0-397-g846e4a0bbc (webtiles) character file.

Game seed: 10057365151898820382

89 Sweetruy1997 the Gusty (level 4, -2/34 HPs)
             Began as a Draconian Air Elementalist on May 12, 2022.
             Slain by an orc priest
             ... wielding a +0 flail
              (6 damage)
             ... on level 3 of the Dungeon.
             The game lasted 00:07:12 (2222 turns).

Sweetruy1997 the Gusty (Draconian Air Elementalist) Turns: 2222, Time: 00:07:13

Health: -2/34      AC:  5    Str: 11    XL:     4   Next: 31%
Magic:  1/8        EV: 12    Int: 15    God:
Gold:   48         SH:  0    Dex: 13    Spells: 5/8 levels left

rFire   . . .      SeeInvis .   e - +0 dagger
rCold   . . .      Faith    .   (no shield)
rNeg    . . .      Spirit   .   (body armour unavailable)
rPois   .          Reflect  .   (helmet restricted)
rElec   .          Harm     .   (no cloak)
rCorr   .          Rampage  .   (no gloves)
Will    .....                   (no boots)
Stlth   ++........              (no amulet)
HPRegen 0.11/turn               (no ring)
MPRegen 0.11/turn               (no ring)

@: no status effects
A: AC +5, unfitting armour, cold-blooded
a: no special abilities


You were on level 3 of the Dungeon.
You visited 1 branch of the dungeon, and saw 3 of its levels.

You collected 48 gold pieces.

Inventory:

Hand Weapons
 e - a +0 dagger (weapon)
Scrolls
 b - a scroll of fear {unknown}
 c - a scroll of teleportation {unknown}
Potions
 a - a potion of magic
 d - 3 potions of curing
 f - a potion of might {unknown}
 g - a potion of brilliance {unknown}


   Skills:
 + Level 0.6 Fighting
 + Level 1.0 Short Blades
 - Level 2.0 Dodging
 - Level 2.0 Stealth
 + Level 2.8 Spellcasting
 + Level 1.9 Conjurations
 + Level 3.6 Air Magic


You had 5 spell levels left.
You knew the following spells:

 Your Spells              Type           Power      Damage    Failure   Level
a - Shock                 Conj/Air       40%        1d5       6%          1
b - Static Discharge      Conj/Air       10%        N/A       10%         2

Your spell library contained the following spells:

 Spells                   Type           Power      Damage    Failure   Level
 Corpse Rot               Necr/Air       14%        N/A       14%         2
 Poisonous Vapours        Pois/Air       14%        N/A       14%         2
 Swiftness                Air            13%        N/A       14%         3
 Airstrike                Air            6%         N/A       41%         4


Dungeon Overview and Level Annotations

Branches:
Dungeon (3/15)

Altars:


Innate Abilities, Weirdness & Mutations

Your plain brown scales are hard. (AC +5)
You cannot fit into any form of body armour.
You are cold-blooded and may be slowed by cold attacks.


Message History

The zap hits the orc.
The orc is severely wounded.
The jackal bites you. The jackal barely misses you.
The orc priest looks encouraged for a moment.
You hit the jackal.
You kill the jackal!
You closely miss the orc priest.
The orc priest is lightly wounded.
The orc priest mumbles some strange prayers to Beogh against you.
Pain shoots through your body!
You hit the orc priest.
The orc priest is lightly wounded.
You hit the orc priest but do no damage.
The orc priest is lightly wounded.
The orc priest hits you with a +0 flail.
You closely miss the orc priest.
The orc priest is lightly wounded.
The orc priest closely misses you.
You barely miss the orc priest.
The orc priest is lightly wounded.
The orc priest closely misses you.
You completely miss the orc priest.
The orc priest is lightly wounded.
The orc priest invokes the aid of Beogh against you.
Beogh smites you!
* * * LOW HITPOINT WARNING * * *
You completely miss the orc priest.
The orc priest is lightly wounded.
The orc priest misses you.
You hit the orc priest.
The orc priest is moderately wounded.
The orc priest misses you.
You are too injured to fight recklessly!
You barely miss the orc priest.
The orc priest is moderately wounded.
The orc priest barely misses you.
You hit the orc priest.
The orc priest is heavily wounded.
The orc priest hits you with a +0 flail.
You die...

. .≈ ..o ...h
#....
#..oo##########
. #ooo@......##
#.
##########..###
... ##...# ....
###.###...[
######.....##.
...............
########.###...
###.# #. #.<.#


You could see an orc priest and 4 orcs.

Vanquished Creatures
  4 adders (D:2)
  4 worms
  An orc (D:3)
  A ball python (D:2)
  5 bats
  2 endoplasms (D:1)
  2 giant cockroaches (D:2)
  7 goblins
  2 hobgoblins (D:2)
  5 jackals
  3 kobolds (D:2)
  A frilled lizard (D:1)
  3 rats
40 creatures vanquished.

Notes
Turn   | Place    | Note
-------+----------+-------------------------------------------
     0 | D:1      | Sweetruy1997 the Draconian Air Elementalist began the quest
                  | for the Orb.
     0 | D:1      | Reached XP level 1. HP: 14/14 MP: 3/3
   134 | D:1      | You fall into a shaft and drop 1 floor!
   347 | D:1      | Reached XP level 2. HP: 20/20 MP: 0/5
   353 | D:1      | Learned a level 2 spell: Static Discharge
   446 | D:1      | Found a faded altar of an unknown god.
   686 | D:2      | HP: 1/20 [adder (3)]
   944 | D:2      | Reached XP level 3. HP: 25/27 MP: 1/6
  1672 | D:2      | Reached skill level 1 in Short Blades
  1672 | D:2      | Reached XP level 4. HP: 34/34 MP: 3/8
  2222 | D:3      | Slain by an orc priest

Illustrated notes

Levels and vault maps discovered:
D:1:      minmay_arrival_five_plusses, layout_basic, basic_ecumenical_altar
D:2:      layout_basic, amcnicky_mini_rare_corridor_liquid
D:3:      layout_rooms, grunt_qazlal_clouds, minmay_misc_feat_chi,
          serial_park_tiny_pond

Skill      XL: |  1  2  3 |
---------------+----------+-----
Dodging        | 2 |  2.0
Stealth        | 2 |  2.0
Short Blades   | 1 |  1.0
Fighting       | |  0.6
Spellcasting   | |  2.8
Conjurations   | |  1.9
Air Magic      | |  3.6

Action                   |  1- 3 |  4- 6 || total
-------------------------+-------+-------++-------
Melee: Unarmed           |    14 |       ||    14
       Dagger            |    37 |    48 ||    85
       Tailslap          |     8 |     2 ||    10
 Cast: Shock             |    69 |    17 ||    86
       Static Discharge  |       |     1 ||     1
  Use: Potion            |     1 |       ||     1
Armor: Skin              |    24 |    11 ||    35
Dodge: Dodged            |    42 |    33 ||    75

Table legend: (Time is in decaauts)
 A = Elapsed time spent in this place.
 B = Non-inter-level travel time spent in this place.
 C = Inter-level travel time spent in this place.
 D = Time resting spent in this place.
 E = Time spent auto-exploring this place.
 F = Levels seen in this place.
 G = Mean time per level.
                   A        B        C        D        E       F      G
               +--------+--------+--------+--------+--------+-----+--------+
         Total |   2219 |   2185 |     34 |     42 |   1700 |   3 |  739.7 |
       Dungeon |   2219 |   2185 |     34 |     42 |   1700 |   3 |  739.7 |
               +--------+--------+--------+--------+--------+-----+--------+

Top non-repeatable levels by time:
     D:2: 1520 daAuts
     D:1: 641 daAuts
     D:3: 58 daAuts
